 Dungeon Crawl Stone Soup version 0.28.0-49-g6dfe1f597d (webtiles) character file.

Game seed: 11147487350108854588

25 H0rd4k the Charlatan (level 3, 0/26 HPs)
             Began as a Human Artificer on May 20, 2022.
             Constricted to death by a ball python (1 damage)
             ... on level 1 of the Dungeon.
             The game lasted 00:00:46 (1237 turns).

H0rd4k the Charlatan (Human Artificer)              Turns: 1237, Time: 00:00:47

Health: 0/26       AC:  3    Str: 12    XL:     3   Next: 20%
Magic:  3/3        EV:  8    Int: 13    God:
Gold:   14         SH:  0    Dex: 13    Spells: 2/2 levels left

rFire   . . .      SeeInvis .   a - +0 club
rCold   . . .      Faith    .   (no shield)
rNeg    . . .      Spirit   .   b - +0 leather armour
rPois   .          Reflect  .   (no helmet)
rElec   .          Harm     .   (no cloak)
rCorr   .          Rampage  .   (no gloves)
Will    .....                   (no boots)
Stlth   +.........              (no amulet)
HPRegen 0.08/turn               (no ring)
MPRegen 0.08/turn               (no ring)

@: constricted
A: no striking features
a: no special abilities


You were on level 1 of the Dungeon.
You visited 1 branch of the dungeon, and saw 1 of its levels.

You collected 14 gold pieces.

Inventory:

Hand Weapons
 a - a +0 club (weapon)
Armour
 b - a +0 leather armour (worn)
Jewellery
 f - a ring of positive energy
Wands
 c - a wand of flame (13) (quivered)
 d - a wand of charming (15)
Scrolls
 g - a scroll of blinking {unknown}
Miscellaneous
 e - a piece from Xom's chessboard (15/15)


   Skills:
 + Level 1.2 Fighting
 + Level 0.7 Maces & Flails
 + Level 2.1 Armour
 + Level 1.3 Dodging
 + Level 1.1 Stealth
 + Level 3.5 Evocations


You had 2 spell levels left.
You didn't know any spells.
Your spell library was empty.

Dungeon Overview and Level Annotations

Branches:
Dungeon (1/15)

Altars:


Message History

* * * LOW HITPOINT WARNING * * *
The jackal bites you but does no damage.
Aiming: Throw Flame
Press: ? - help, Shift-Dir - straight line, f - jackal
Aim: a jackal (moderately wounded, 64% to hit)
The puff of flame hits the jackal!
You kill the jackal!
The bat hits you but does no damage. x2
Unknown command.
Aiming: Throw Flame
Press: ? - help, Shift-Dir - straight line, f - bat
Aim: a bat (57% to hit)
The puff of flame misses the bat.
The puff of flame hits the jackal!
You kill the jackal!
The bat closely misses you.
A ball python comes into view.
You hit the hobgoblin.
The hobgoblin is almost dead.
The hobgoblin barely misses you.
You hit the hobgoblin.
You kill the hobgoblin!
The bat closely misses you.
The ball python bites you but does no damage.
The ball python grabs you. The ball python constricts you.
* * * LOW HITPOINT WARNING * * *
You closely miss the ball python. The ball python bites you.
* * * LOW HITPOINT WARNING * * *
The ball python constricts you.
* * * LOW HITPOINT WARNING * * *
You hit the ball python.
The ball python is moderately wounded.
The ball python bites you but does no damage.
The ball python constricts you.
* * * LOW HITPOINT WARNING * * *
You barely miss the ball python.
The ball python is moderately wounded.
The ball python bites you.
* * * LOW HITPOINT WARNING * * *
The ball python constricts you.
You die...

### #.####### # #.......##
#####.#####..# ......###
##.# #####.#.####.# #
#........# #
#.#.###..#########.##
#######.....@Sb.....#
#.......##.......# ####
#.##.##.##.#...... ...#
##.##.##.##.>.?...#
##.#####.†.#.##.###.....##
#........#..##.# .##.##
#####.#####.##.# .. .#
#.##....##.# .# .
#.##.##.##.#


You could see a bat and a ball python.

Vanquished Creatures
  2 endoplasms (D:1)
  4 giant cockroaches (D:1)
  4 hobgoblins (D:1)
  3 jackals (D:1)
  A kobold (D:1)
  4 bats (D:1)
  A frilled lizard (D:1)
  A goblin (D:1)
  2 rats (D:1)
22 creatures vanquished.

Notes
Turn   | Place    | Note
-------+----------+-------------------------------------------
     0 | D:1      | H0rd4k the Human Artificer began the quest for the Orb.
     0 | D:1      | Reached XP level 1. HP: 15/15 MP: 1/1
   522 | D:1      | Reached XP level 2. HP: 15/21 MP: 2/2
  1174 | D:1      | Reached XP level 3. HP: 26/26 MP: 3/3
  1237 | D:1      | HP: 1/26 [ball python (1)]
  1237 | D:1      | Constricted to death by a ball python

Illustrated notes

Levels and vault maps discovered:
D:1:      minmay_arrival_shattered_statue, layout_loops_ring, chequers_garden,
          grunt_decor_fettered, hangedman_decor_lopped

Action                   || total
-------------------------++-------
Melee: Club              ||   131
       Punch             ||     2
Evoke: Wand              ||     2
 Stab: Sleeping          ||     1
Armor: Leather armour    ||    81
Dodge: Dodged            ||   113
